 Dungeon Crawl Stone Soup version 0.29-a0-451-gfbfa42419e (webtiles) character file.

Game seed: 396915143047574425

1380 quokkamancerX the Destroyer (level 8, 0/57 HPs)
             Began as a Yellow Draconian Conjurer on May 20, 2022.
             Succumbed to a killer bee's poison
             ... on level 5 of the Dungeon.
             The game lasted 00:28:08 (7205 turns).

quokkamancerX the Destroyer (DrCj)                  Turns: 7205, Time: 00:28:09

Health: 0/57       AC:  9    Str: 10    XL:     8   Next: 39%
Magic:  2/14       EV: 12    Int: 21    God:
Gold:   187        SH:  0    Dex:  9    Spells: 12/15 levels left

rFire   . . .      SeeInvis .   B - +0 long sword
rCold   + . .      Faith    .   (no shield)
rNeg    . . .      Spirit   .   (body armour unavailable)
rPois   .          Reflect  .   (helmet restricted)
rElec   .          Harm     .   f - +2 cloak
rCorr   +          Rampage  .   (no gloves)
Will    +....                   (no boots)
Stlth   +++.......              (no amulet)
HPRegen 0.19/turn               A - ring of willpower
MPRegen 0.14/turn               t - ring of protection from cold

@: lethally poisoned (0 -> -6)
A: spit acid, AC +6, unfitting armour, cold-blooded, acid resistance
a: Breathe Acid


You were on level 5 of the Dungeon.
You visited 1 branch of the dungeon, and saw 5 of its levels.

You collected 187 gold pieces.

Inventory:

Hand Weapons
 B - a +0 long sword (weapon)
Missiles
 d - 333 stones
 r - a throwing net
Armour
 f - a +2 cloak (worn)
Jewellery
 m - a ring of positive energy
 t - a ring of protection from cold (right hand)
 A - a ring of willpower (left hand)
Wands
 q - a wand of iceblast (8)
 w - a wand of paralysis (10)
Scrolls
 b - 2 scrolls of enchant armour
 c - a scroll of teleportation
 h - a scroll of blinking {unknown}
 i - a scroll of silence {unknown}
 u - a scroll of fear {unknown}
 x - 2 scrolls of vulnerability
 y - a scroll of fog {unknown}
 z - a scroll of brand weapon {unknown}
Potions
 a - a potion of magic
 e - a potion of haste {unknown}
 j - 2 potions of attraction
 k - a potion of degeneration {unknown}
 l - a potion of heal wounds {unknown}
 n - 2 potions of might
 o - 2 potions of berserk rage {unknown}
 p - a potion of lignification {unknown}
 s - a potion of mutation {unknown}
 v - 3 potions of ambrosia


   Skills:
 - Level 1.7 Dodging
 - Level 5.0 Stealth
 - Level 4.0 Spellcasting
 + Level 9.3 Conjurations


You had 12 spell levels left.
You knew the following spells:

 Your Spells              Type           Power      Damage    Failure   Level
a - Magic Dart            Conj           100%       1d8       1%          1
b - Searing Ray           Conj           86%        2d7       1%          2

Your spell library contained the following spells:

 Spells                   Type           Power      Damage    Failure   Level
 Dazzling Flash           Conj/Hex       46%        N/A       5%          3
 Mephitic Cloud           Conj/Pois/Air  17%        N/A       10%         3
 Fulminant Prism          Conj/Hex       11%        3d9       17%         4
 Iskenderun's Mystic Bla  Conj/Tloc      23%        2d6       17%         4
 Call Imp                 Summ           4%         N/A       19%         2


Dungeon Overview and Level Annotations

Branches:
Dungeon (5/15)
 Temple: D:4-7

Altars:


Innate Abilities, Weirdness & Mutations

You can spit globs of acid.
Your golden yellow scales are hard. (AC +6)
You cannot fit into any form of body armour.
You are cold-blooded and may be slowed by cold attacks.
You are resistant to acid. (rCorr)


Message History

* * * LOW HITPOINT WARNING * * *
The killer bee stings you but does no damage. x2
The killer bee barely misses you.
The searing ray hits the killer bee!
You kill the killer bee!
You feel sick. The killer bee misses you. The killer bee closely misses you.
Casting: Searing Ray (safe; 1% risk of failure)
Confirm with . or Enter, or press ? or * to list all spells.
Restarting spell: Searing Ray (safe; 1% risk of failure)
Press: ? - help, Shift-Dir - straight line, f - killer bee
Aim: a killer bee (63% to hit)
The searing ray hits the killer bee!
The killer bee is heavily wounded. (Press . to maintain the ray.)
You feel sick. The killer bee closely misses you. The killer bee stings you.
* * * LOW HITPOINT WARNING * * *
The searing ray misses the killer bee.
* * * LOW HITPOINT WARNING * * *
You feel sick.
The killer bee stings you but does no damage. x2
You feel better. The killer bee stings you.
* * * LOW HITPOINT WARNING * * *
The killer bee stings you.
* * * LOW HITPOINT WARNING * * *
You are poisoned.
The killer bee poisons you!
* * * LOW HITPOINT WARNING * * *
You feel sick.
The killer bee stings you but does no damage.
The killer bee stings you.
* * * LOW HITPOINT WARNING * * *
Casting: Searing Ray (safe; 1% risk of failure)
Confirm with . or Enter, or press ? or * to list all spells.
Aiming: Searing Ray (safe; 1% risk of failure)
Press: ? - help, Shift-Dir - straight line, f/p - killer bee
Aim: a killer bee (heavily wounded, 63% to hit)
The searing ray hits the killer bee!
The killer bee is almost dead. (Press . to maintain the ray.)
You die...

. ... . ... .
#.###########
#.#..........
####.#.#.####.####
#@†..#.#....#)#...
#y####.####.#.#.##
#...........#.#...
#############.####
... ###


You could see a killer bee.

Vanquished Creatures
  Sigmund (D:2)
  An ice beast (D:5)
  A black bear (D:4)
  2 ogres
  3 phantoms
  3 scorpions
  2 killer bees (D:5)
  2 hounds (D:4)
  An orc priest (D:3)
  An iguana (D:5)
  3 orc wizards
  Robin (D:2)
  3 gnolls (D:4)
  7 adders
  3 worms
  9 orcs
  9 ball pythons
  3 endoplasms
  5 giant cockroaches
  15 goblins
  8 hobgoblins
  8 kobolds
  7 quokkas
  2 bats (D:2)
  3 frilled lizards
  3 rats
106 creatures vanquished.

Notes
Turn   | Place    | Note
-------+----------+-------------------------------------------
     0 | D:1      | quokkamancerX the Draconian Conjurer began the quest for
                  | the Orb.
     0 | D:1      | Reached XP level 1. HP: 14/14 MP: 3/3
   686 | D:1      | Reached XP level 2. HP: 20/20 MP: 3/5
  1083 | D:1      | Learned a level 2 spell: Searing Ray
  1436 | D:2      | Noticed Sigmund
  1868 | D:2      | Noticed a phantom
  1888 | D:2      | Reached XP level 3. HP: 25/26 MP: 2/7
  2549 | D:3      | Reached XP level 4. HP: 20/33 MP: 3/10
  2998 | D:3      | Reached XP level 5. HP: 27/38 MP: 5/11
  3540 | D:4      | Noticed a black bear
  3540 | D:4      | Noticed an ogre
  3610 | D:4      | Killed an ogre
  3611 | D:4      | Reached skill level 5 in Stealth
  3611 | D:4      | Reached XP level 6. HP: 45/45 MP: 4/12
  3811 | D:4      | Reached skill level 5 in Conjurations
  3966 | D:4      | Your scales start taking on a golden yellow colour.
  3966 | D:4      | Reached XP level 7. HP: 50/50 MP: 11/13
  3966 | D:4      | Gained mutation: You are resistant to acid. (rCorr) [Yellow
                  | Draconian growth]
  4417 | D:4      | Reached skill level 6 in Conjurations
  5463 | D:2      | Reached skill level 7 in Conjurations
  5504 | D:2      | Killed Sigmund
  5629 | D:2      | Reached skill level 8 in Conjurations
  6059 | D:2      | Reached XP level 8. HP: 57/57 MP: 10/14
  6083 | D:2      | Noticed Robin
  6114 | D:2      | Killed Robin
  6655 | D:5      | Entered Level 5 of the Dungeon
  7081 | D:5      | Reached skill level 9 in Conjurations
  7204 | D:5      | HP: 2/57 [killer bee (6)]
  7205 | D:5      | Succumbed to a killer bee's poison

Illustrated notes

Levels and vault maps discovered:
D:1:      dpeg_arrival_circle_labyrinth_c, layout_basic
D:2:      minmay_inner_zag, layout_basic, uniq_sigmund, uniq_robin
D:3:      layout_loops_ring
D:4:      layout_cave_pods
D:5:      layout_loops_cross, roderic_lattice_a, uniq_menkaure

Skill      XL: |  1  2  3  4  5  6  7  8 |
---------------+-------------------------+-----
Spellcasting   | 3 4 |  4.0
Stealth        | 2 3 5 |  5.0
Conjurations   | 5 8 9 |  9.3
Dodging        | |  1.7

Action                   |  1- 3 |  4- 6 |  7- 9 || total
-------------------------+-------+-------+-------++-------
Melee: Short sword       |    55 |     7 |    20 ||    82
       Tailslap          |     7 |       |     6 ||    13
       Punch             |     1 |       |     1 ||     2
       Long sword        |       |       |    26 ||    26
       Falchion          |       |       |    11 ||    11
 Cast: Magic Dart        |    26 |    39 |    57 ||   122
       Searing Ray       |     4 |     9 |    21 ||    34
 Abil: Breathe Acid      |       |       |     9 ||     9
  Use: Scroll            |     2 |       |     6 ||     8
       Potion            |       |       |     2 ||     2
 Stab: Sleeping          |     2 |     1 |     3 ||     6
Armor: Skin              |    21 |    12 |    64 ||    97
Dodge: Dodged            |    42 |     5 |    72 ||   119

Table legend: (Time is in decaauts)
 A = Elapsed time spent in this place.
 B = Non-inter-level travel time spent in this place.
 C = Inter-level travel time spent in this place.
 D = Time resting spent in this place.
 E = Time spent auto-exploring this place.
 F = Levels seen in this place.
 G = Mean time per level.
                   A        B        C        D        E       F      G
               +--------+--------+--------+--------+--------+-----+--------+
         Total |   7227 |   6782 |    445 |   2551 |   1449 |   5 | 1445.4 |
       Dungeon |   7227 |   6782 |    445 |   2551 |   1449 |   5 | 1445.4 |
               +--------+--------+--------+--------+--------+-----+--------+

Top non-repeatable levels by time:
     D:3: 1805 daAuts
     D:2: 1748 daAuts
     D:4: 1728 daAuts
     D:1: 1411 daAuts
     D:5: 534 daAuts
